AoeStats
← BottleDry

Nomad

506266130Analyzed
3v3 RM · 20d ago on Sep 13, 2026· 39m 14s· 6 players
Game mode
Random Map
Map size
210×210
Population
200
Speed
Normal
Resources
Standard
Victory
Conquest
Starting age
Dark Age
Ending age
Imperial Age
RankedLock teamsTeams togetherTeam positionsShared explorationLock speedFull tech treeHidden civsTurbo modeCheats
Victory
Defeat
🇦🇷 Spanish · Argentina
1101
+12
🇦🇷 Vietnamese · Argentina
1064
+13
🇦🇷 Malians · Argentina
999
+16
🇺🇸 Mongols · United States
1096
-17
🇺🇸 Goths · United States
1018
-14
🇺🇸 Bohemians · United States
907
-10
5WhiskeyTango
3:18 Loom
15:41 Feudal Age
18:42 Double-Bit Axe
19:18 Scale Mail Armor
19:32 Gold Mining
22:00 Castle Age
20:43 Stone Mining
21:18 Fletching
30:44 Bow Saw
35:43 Pikeman
37:17 Wheelbarrow
DreamMurders
6:58 Loom
15:26 Feudal Age
22:05 Castle Age
20:49 Fishing Lines
21:17 Double-Bit Axe
22:59 Husbandry
27:00 Bow Saw
26:19 Demolition Ship
31:52 Wheelbarrow
31:03 Town Watch
34:38 Hand Cart
BottleDry
4:44 Loom
15:33 Feudal Age
16:11 Double-Bit Axe
17:04 Fishing Lines
19:09 Horse Collar
21:59 Scale Barding Armor
22:05 Forging
23:00 Town Watch
25:58 Castle Age
24:22 Scale Mail Armor
26:20 Padded Archer Armor
26:11 Fletching
26:10 Pikeman
27:13 Squires
28:31 Chain Mail Armor
31:25 Leather Archer Armor
31:01 Fletching
30:47 Elite Skirmisher
32:51 Iron Casting
AGGM
17:19 Feudal Age
22:18 Castle Age
21:06 Double-Bit Axe
22:35 Bloodlines
22:45 Stone Mining
22:47 Gold Mining
23:36 Scale Barding Armor
23:42 Forging
28:51 Fishing Lines
30:37 Horse Collar
32:52 Wheelbarrow
36:34 Hand Cart
36:05 Loom
37:21 Gold Shaft Mining
37:21 Stone Shaft Mining
PEPO
5:25 Loom
14:04 Feudal Age
14:31 Double-Bit Axe
16:24 Fishing Lines
23:10 Castle Age
24:22 Medium Warships
24:03 Gillnets
24:37 Bow Saw
25:24 Fletching
25:36 Padded Archer Armor
27:48 Wheelbarrow
28:18 Bodkin Arrow
28:42 Leather Archer Armor
32:24 Hand Cart
37:25 Imperial Age
35:24 Horse Collar
39:04 Ring Archer Armor
37:57 Elite Conquistador
38:58 Conscription
Tuxilion
4:49 Loom
15:05 Feudal Age
16:12 Double-Bit Axe
19:38 Fletching
20:19 Padded Archer Armor
23:22 Fishing Lines
27:57 Castle Age
27:41 Scale Mail Armor
28:36 Gillnets
28:38 Crossbowman
29:25 Thumb Ring
30:03 Bow Saw
30:02 Bodkin Arrow
32:39 Leather Archer Armor
33:25 Wheelbarrow
40:01 Imperial Age
38:38 Hand Cart
38:12 Horse Collar
Connection lost

Rejoining the realm…

Still unreachable

The connection could not be restored.

Session expired

The server has moved on; the page needs a fresh start.